 Dungeon Crawl Stone Soup version 0.30-a0-341-g682706514a (webtiles) character file.

Game seed: 16195740118766317669

371 IdlyInterested the Trooper (level 6, -2/51 HPs)
             Began as a Demonspawn Wanderer on Nov 4, 2022.
             Killed by nerve-wracking pain
             ... invoked by Grinder
              (12 damage)
             ... while paralysed by Grinder
             ... on level 4 of the Dungeon.
             The game lasted 00:11:15 (3199 turns).

IdlyInterested the Trooper (Demonspawn Wanderer)    Turns: 3199, Time: 00:11:16

Health: -2/51      AC:  8    Str: 10    XL:     6   Next: 42%
Magic:  10/10      EV:  2    Int: 15    God:
Gold:   136        SH:  0    Dex: 15    Spells: 10/11 levels left

rFire   . . .      SeeInvis .    k - +2 hand axe (vamp)
rCold   . . .      Faith    .    (no shield)
rNeg    . . .      Spirit   .    s - +1 scale mail
rPois   .          Reflect  .    b - +0 helmet
rElec   .          Harm     .    (no cloak)
rCorr   .          Rampage  .    (no gloves)
Will    .....                    (no boots)
Stlth   ..........               (no amulet)
HPRegen 0.28/turn                (no ring)
MPRegen 0.12/turn                (no ring)

@: paralysed
A: hooves 2, foul stench 1
a: no special abilities


You were on level 4 of the Dungeon.
You visited 1 branch of the dungeon, and saw 4 of its levels.

You collected 136 gold pieces.

Inventory:

Hand Weapons
 a - a +0 quarterstaff
 h - a +0 flail
 i - a +0 dagger
 k - a +2 vampiric hand axe (weapon)
 l - a +0 short sword
Armour
 b - a +0 helmet (worn)
 j - a +0 leather armour
 s - a +1 scale mail (worn)
Jewellery
 r - a ring of fire
Scrolls
 p - a scroll of magic mapping
Potions
 c - 3 potions of attraction
 d - a potion of mutation
 f - a potion of brilliance {unknown}
 g - 5 potions of curing {unknown}
 n - a potion of lignification


   Skills:
 * Level 5.1 Fighting
 - Level 2.6 Staves
 - Level 1.7 Armour
 - Level 1.0 Stealth
 - Level 3.0 Spellcasting
 * Level 3.7 Conjurations


You had 10 spell levels left.
You knew the following spells:

 Your Spells              Type           Power      Damage    Failure   Level
a - Magic Dart            Conj           52%        1d5       30%         1

Your spell library contained the following spells:

 Spells                   Type           Power      Damage    Failure   Level
 Foxfire                  Conj/Fire      28%        2x1d5     54%         1
 Kiss of Death            Conj/Necr      28%        2d7       54%         1
 Shock                    Conj/Air       28%        1d4       54%         1


Dungeon Overview and Level Annotations

Branches:
Dungeon (4/15)             Temple (0/1) D:4

Altars:
Cheibriados

Annotations:
D:4 Grinder


Innate Abilities, Weirdness & Mutations

You have hoof-like feet.
You may rarely emit foul miasma when damaged in melee.


Message History

Grinder is heavily wounded.
Grinder says, "FISH!"
Grinder blinks!
Grinder gestures at you. Pain shoots through your body!
Throw: boomerang (silver)
Press: ? - help, Shift-Dir - straight line, f/p - Grinder
Aim: Grinder (heavily wounded, 57% to hit, chaotic)
You throw a silver boomerang.
The silver boomerang barely misses Grinder.
Throw: boomerang (silver)
Press: ? - help, Shift-Dir - straight line, f/p - Grinder
Aim: Grinder (heavily wounded, 57% to hit, chaotic)
You throw a silver boomerang. The silver boomerang hits Grinder.
The silver sears Grinder!
Grinder is heavily wounded.
Throw: boomerang (silver)
Press: ? - help, Shift-Dir - straight line, f/p - Grinder
Aim: Grinder (heavily wounded, 57% to hit, chaotic)
You throw a silver boomerang.
The silver boomerang barely misses Grinder.
Grinder blinks!
Unknown command.
You have nothing you can fire or use right now.
Grinder is nearby!
You hit Grinder but do no damage. Your kick misses Grinder.
Grinder is heavily wounded.
Grinder hits you.
You emit a cloud of foul miasma!
Grinder barely misses you.
You closely miss Grinder.
Grinder is heavily wounded.
Grinder gestures at you.
You suddenly lose the ability to move!
Grinder hits you but does no damage. Grinder hits you!
* * * LOW HITPOINT WARNING * * *
You writhe in agony.
* * * LOW HITPOINT WARNING * * *
Grinder gestures at you. Pain shoots through your body!
You die...

........##..# #........#..#
.........#..# #........#..##
.......#.#..###............#
.......#.....######...(#.#.#
....)..<.#.,,,......##...#.#
.......#......#*##).).†##..#
##..#.##...######)........##
#.##.#*...#.....)#########
*#.##)#*.#......@)#*
,..##..,.......5...#*
.##*...*............#
.,,,..#..#.......[..#
**,,,,,,,#..........#
**,,,,,,*#..........#
**,,,,,,*#......>...#
8*,,,,,,*##........##
,,,,,,,,**,,,,,,^,,,*


You could see Grinder.

Vanquished Creatures
  A black bear (D:4)
  A jelly (D:4)
  2 orc priests (D:3)
  An orc wizard (D:4)
  A mummy (D:3)
  A gnoll (D:1)
  6 adders
  A dart slug (D:1)
  10 orcs
  3 ball pythons (D:2)
  10 endoplasms
  3 giant cockroaches
  3 goblins (D:1)
  5 hobgoblins
  9 kobolds
  3 quokkas
  8 bats
  A frilled lizard (D:1)
  8 rats
77 creatures vanquished.

Notes
Turn   | Place    | Note
-------+----------+-------------------------------------------
     0 | D:1      | IdlyInterested the Demonspawn Wanderer began the quest for
                  | the Orb.
     0 | D:1      | IdlyInterested set off with the following items: a +0
                  | quarterstaff, a +0 ring mail, a potion of attraction; and
                  | the following spells available to memorise: Foxfire, Kiss
                  | of Death, Magic Dart, Shock.
     0 | D:1      | Reached XP level 1. HP: 13/13 MP: 4/4
     2 | D:1      | Learned a level 1 spell: Magic Dart
    87 | D:1      | Reached skill level 1 in Fighting
    87 | D:1      | Reached skill level 1 in Conjurations
   118 | D:1      | Gained mutation: You have large cloven feet. [demonic
                  | ancestry]
   118 | D:1      | Reached XP level 2. HP: 21/21 MP: 6/6
   531 | D:1      | Reached XP level 3. HP: 27/27 MP: 5/7
   902 | D:1      | Reached skill level 2 in Fighting
  2209 | D:3      | Gained mutation: You have hoof-like feet. [demonic
                  | ancestry]
  2209 | D:3      | Reached XP level 4. HP: 34/34 MP: 8/8
  2331 | D:3      | Reached skill level 3 in Fighting
  2334 | D:3      | Reached XP level 5. HP: 37/41 MP: 9/9
  2579 | D:3      | Found a snail-covered altar of Cheibriados.
  3011 | D:4      | Noticed a black bear
  3017 | D:4      | Reached skill level 4 in Fighting
  3032 | D:4      | Killed a black bear
  3033 | D:4      | Gained mutation: You may rarely emit foul miasma when
                  | damaged in melee. [demonic ancestry]
  3033 | D:4      | Reached XP level 6. HP: 28/50 MP: 10/10
  3150 | D:4      | Noticed Grinder
  3166 | D:4      | Reached skill level 5 in Fighting
  3182 | D:4      | Paralysed by Grinder for 5 turns
  3196 | D:4      | Paralysed by Grinder for 5 turns
  3199 | D:4      | Killed from afar by Grinder

Illustrated notes

Levels and vault maps discovered:
D:1:      scummos_arrival_simple_fountains, layout_basic
D:2:      layout_basic, basic_altar, serial_corexii_hall,
          corexii_hall_statues_u, corexii_hall_statues_i,
          chequers_hall_statues_corner_a, dk_vineyard_1
D:3:      layout_loops_ring, slow_altar_1
D:4:      layout_rooms, nemelex_spade_bored_becter,
          minmay_temple_entry_nine_rooms, small_statue_intersection,
          uniq_grinder

Skill      XL: |  1  2  3  4  5  6 |
---------------+-------------------+-----
Fighting       | 1 2 3 4 5 |  5.1
Conjurations   | 1 2 3 |  3.7
Staves         | |  2.6
Armour         | |  1.7
Stealth        | |  1.0
Spellcasting   | |  3.0

Action                   |  1- 3 |  4- 6 || total
-------------------------+-------+-------++-------
Melee: Quarterstaff      |    49 |       ||    49
       Kick              |     8 |    33 ||    41
       Hand axe          |    39 |   122 ||   161
Throw: Boomerang         |       |     4 ||     4
 Cast: Magic Dart        |    24 |       ||    24
  Use: Scroll            |     6 |     3 ||     9
       Potion            |       |     3 ||     3
 Stab: Sleeping          |     6 |       ||     6
Armor: Ring mail         |     6 |       ||     6
       Robe              |     7 |       ||     7
       Leather armour    |    10 |       ||    10
       Scale mail        |     5 |    99 ||   104
Dodge: Dodged            |    42 |    73 ||   115

Table legend: (Time is in decaauts)
 A = Elapsed time spent in this place.
 B = Non-inter-level travel time spent in this place.
 C = Inter-level travel time spent in this place.
 D = Time resting spent in this place.
 E = Time spent auto-exploring this place.
 F = Levels seen in this place.
 G = Mean time per level.
                   A        B        C        D        E       F      G
               +--------+--------+--------+--------+--------+-----+--------+
         Total |   3258 |   2856 |    402 |    178 |   1839 |   4 |  814.5 |
       Dungeon |   3258 |   2856 |    402 |    178 |   1839 |   4 |  814.5 |
               +--------+--------+--------+--------+--------+-----+--------+

Top non-repeatable levels by time:
     D:1: 1125 daAuts
     D:2: 1071 daAuts
     D:3: 815 daAuts
     D:4: 246 daAuts
